 Dungeon Crawl Stone Soup version 0.24-a0-201-gf2055891f0 (webtiles) character file.

Game seed: 16849624403401285076

525 HELP the Grasshopper (level 7, -5/56 HPs)
             Began as a Gnoll Warper on Mar 20, 2019.
             Slain by Pikel
             ... wielding a +1 whip of freezing
              (7 damage)
             ... on level 4 of the Dungeon.
             The game lasted 00:11:34 (4832 turns).

HELP the Grasshopper (Gnoll Warper)                 Turns: 4832, Time: 00:11:34

Health: -5/56      AC:  7    Str: 14    XL:     7   Next: 22%
Magic:  9/15       EV: 15    Int: 15    God:
Gold:   171        SH:  0    Dex: 16    Spells: 4/17 levels left

rFire    . . .     SeeInvis .   E - +0 hand axe (vamp)
rCold    . . .     Gourm    .   (no shield)
rNeg     . . .     Faith    .   C - +2 leather armour {rPois}
rPois    +         Spirit   .   u - +1 helmet
rElec    .         Reflect  .   (no cloak)
rCorr    .         Harm     +   (no gloves)
MR       .....                  (no boots)
Stlth    +++.......             s - amulet of harm
HPRegen  0.18/turn              w - ring of stealth
MPRegen  0.14/turn              (no ring)

@: no status effects
A: distributed training, fangs 1, strong nose
a: no special abilities


You were on level 4 of the Dungeon.
You were not hungry.

You visited 1 branch of the dungeon, and saw 4 of its levels.

You collected 171 gold pieces.

Inventory:

Hand Weapons
 a - a +0 hand axe
 b - a +0 hunting sling
 E - a +0 vampiric hand axe (weapon)
Missiles
 e - 5 tomahawks of dispersal (quivered)
 k - 167 stones
 p - 23 poisoned needles
 B - 53 sling bullets
Armour
 u - a +1 helmet (worn)
 C - a +2 leather armour of poison resistance (worn)
Jewellery
 s - an amulet of harm (around neck)
 w - a ring of stealth (left hand)
Scrolls
 d - 2 scrolls of blinking
 j - a scroll of fog {unknown}
 l - 2 scrolls of amnesia {unknown}
 m - 4 scrolls of teleportation {unknown}
 n - 3 scrolls of identify {unknown}
 v - a scroll of remove curse {unknown}
 x - a scroll of fear {unknown}
 y - a scroll of random uselessness {unknown}
 z - 2 scrolls of enchant armour {unknown}
 D - a scroll of immolation {unknown}
Potions
 g - a potion of degeneration {unknown}
 h - a potion of lignification {unknown}
 i - 2 potions of heal wounds {unknown}
 o - 2 potions of curing
 q - 3 potions of haste {unknown}
 r - 2 potions of might {unknown}
 t - a potion of flight {unknown}
 A - 2 potions of brilliance {unknown}
Comestibles
 c - 3 chunks of flesh
 f - 6 rations


   Skills:
 + Level 5.1 Fighting
 + Level 2.3 Short Blades
 + Level 2.3 Long Blades
 + Level 5.1 Axes
 + Level 2.3 Maces & Flails
 + Level 2.3 Polearms
 + Level 2.3 Staves
 + Level 2.3 Slings
 + Level 2.3 Bows
 + Level 2.3 Crossbows
 + Level 3.5 Throwing
 + Level 3.5 Armour
 + Level 5.1 Dodging
 + Level 2.3 Stealth
 + Level 2.3 Shields
 + Level 2.3 Unarmed Combat
 + Level 5.5 Spellcasting
 + Level 1.8 Conjurations
 + Level 1.8 Hexes
 + Level 1.8 Charms
 + Level 1.8 Summonings
 + Level 1.8 Necromancy
 + Level 5.8 Translocations
 + Level 1.8 Transmutations
 + Level 1.8 Fire Magic
 + Level 1.8 Ice Magic
 + Level 1.8 Air Magic
 + Level 1.8 Earth Magic
 + Level 1.8 Poison Magic
 + Level 2.5 Invocations
 + Level 2.3 Evocations


You had 4 spell levels left.
You knew the following spells:

 Your Spells              Type           Power        Failure   Level  Hunger
a - Blink                 Tloc           N/A          2%          2    #......
c - Lesser Beckoning      Tloc           ###.......   5%          3    ###....
s - Shroud of Golubria    Chrm/Tloc      ###.......   6%          2    #......
t - Teleport Other        Tloc           ###.....     5%          3    ###....
x - Gell's Gravitas       Tloc           ###.......   5%          3    ###....

Your spell library contained the following spells:

 Spells                   Type           Power        Failure   Level  Hunger
 Passage of Golubria      Tloc           N/A          17%         4    ####...


Dungeon Overview and Level Annotations

Branches:
Dungeon (4/15)
 Temple: D:4-7

Altars:

Annotations:
D:4 Pikel


Innate Abilities, Weirdness & Mutations

Your experience applies equally to all skills.
You have very sharp teeth.
Your uncanny sense of smell can sniff out nearby items.


Message History

You hit Pikel.
You feel better.
You punch Pikel!
Pikel is almost dead.
Pikel misses you.
You completely miss Pikel. Your bite misses Pikel.
Pikel is almost dead.
Pikel closely misses you.
You completely miss Pikel. You bite Pikel, but do no damage.
Pikel is almost dead.
Pikel hits you with a +1 whip of freezing.
* * * LOW HITPOINT WARNING * * *
Pikel freezes you.
* * * LOW HITPOINT WARNING * * *
Casting: Shroud of Golubria (safe; 6% risk of failure)
Confirm with . or Enter, or press ? or * to list all spells.
You blink.
Casting: Blink (safe; 2% risk of failure)
Confirm with . or Enter, or press ? or * to list all spells.
You blink.
Pikel hits you with a +1 whip of freezing.
You die...

+###.###..###..###..####.#######.
.###.###..###..###..####.###..##.
..........>.....#...#....#....#..
................+...#....#....'..
.###..###..###..##..#..#.#....##.
.###..###..###..############..##.
.#(........K#....# #....#.
.#........p.#....# #....#.
.#..........#ยง..@# #...##.
)###...###..###K#### ##..##.
.###...###..####pp.# #####.
.........#...p....## #..
.........#........# #..
################### ###


You could see Pikel.

Vanquished Creatures
  2 slaves (D:4)
  A bullfrog (D:3)
  4 orc wizards (D:3)
  A bullfrog skeleton (D:2)
  A centaur skeleton (D:3)
  Terence (D:3)
  An iguana (D:4)
  Natasha (D:4)
  2 worker ants
  7 adders
  2 oozes
  2 worms (D:3)
  4 dart slugs
  2 leopard geckos
  11 orcs
  4 bats
  3 giant cockroaches
  7 goblins
  4 hobgoblins
  10 jackals
  A quokka (D:2)
  3 ball pythons
  2 frilled lizards (D:2)
  3 kobolds
  2 rats
81 creatures vanquished.

Notes
Turn   | Place    | Note
-------+----------+-------------------------------------------
     0 | D:1      | HELP the Gnoll Warper began the quest for the Orb.
     0 | D:1      | Reached XP level 1. HP: 20/20 MP: 6/6
    31 | D:1      | Reached XP level 2. HP: 14/26 MP: 7/7
   710 | D:1      | You fall through a shaft!
   727 | D:2      | Reached skill level 5 in Spellcasting
   727 | D:2      | Reached XP level 3. HP: 26/31 MP: 7/9
   830 | D:2      | Reached skill level 1 in Short Blades
   830 | D:2      | Reached skill level 1 in Long Blades
   830 | D:2      | Reached skill level 1 in Maces & Flails
   830 | D:2      | Reached skill level 1 in Polearms
   830 | D:2      | Reached skill level 1 in Staves
   830 | D:2      | Reached skill level 1 in Slings
   830 | D:2      | Reached skill level 1 in Bows
   830 | D:2      | Reached skill level 1 in Crossbows
   830 | D:2      | Reached skill level 1 in Stealth
   830 | D:2      | Reached skill level 1 in Shields
   830 | D:2      | Reached skill level 1 in Unarmed Combat
   830 | D:2      | Reached skill level 1 in Invocations
   830 | D:2      | Reached skill level 1 in Evocations
   830 | D:2      | Reached XP level 4. HP: 21/38 MP: 11/11
  1295 | D:1      | Reached skill level 1 in Conjurations
  1295 | D:1      | Reached skill level 1 in Hexes
  1295 | D:1      | Reached skill level 1 in Charms
  1295 | D:1      | Reached skill level 1 in Summonings
  1295 | D:1      | Reached skill level 1 in Necromancy
  1295 | D:1      | Reached skill level 1 in Transmutations
  1295 | D:1      | Reached skill level 1 in Fire Magic
  1295 | D:1      | Reached skill level 1 in Ice Magic
  1295 | D:1      | Reached skill level 1 in Air Magic
  1295 | D:1      | Reached skill level 1 in Earth Magic
  1295 | D:1      | Reached skill level 1 in Poison Magic
  1647 | D:2      | Learned a level 2 spell: Blink
  1651 | D:2      | Learned a level 3 spell: Gell's Gravitas
  1655 | D:2      | Learned a level 3 spell: Lesser Beckoning
  1659 | D:2      | Learned a level 3 spell: Teleport Other
  1662 | D:2      | Learned a level 2 spell: Shroud of Golubria
  1823 | D:2      | Reached XP level 5. HP: 36/43 MP: 12/12
  3180 | D:3      | Reached XP level 6. HP: 49/50 MP: 13/13
  3482 | D:3      | Noticed Terence
  3528 | D:3      | Killed Terence
  3537 | D:3      | Reached skill level 5 in Fighting
  3537 | D:3      | Reached skill level 5 in Axes
  3537 | D:3      | Reached skill level 5 in Dodging
  3914 | D:3      | Reached XP level 7. HP: 26/56 MP: 13/15
  4479 | D:4      | Noticed Natasha
  4501 | D:4      | Killed Natasha
  4762 | D:4      | Noticed Pikel
  4830 | D:4      | HP: 2/56 [Pikel/+1 whip of freezing (3)]
  4832 | D:4      | Slain by Pikel

Levels and vault maps discovered:
D:1:      scummos_arrival_star, layout_loops_cross, serial_bayou_lake_a
D:2:      layout_loops_ring, minmay_misc_feat_roman, minmay_tetromino_o4
D:3:      layout_basic, uniq_terence
D:4:      layout_gridville, first_ration, fedhas_ov_isle_minmay, uniq_pikel,
          uniq_natasha, uniq_menkaure

Skill      XL: |  1  2  3  4  5  6 |
---------------+-------------------+-----
Spellcasting   | 5 |  5.5
Short Blades   | 1 2 |  2.3
Long Blades    | 1 2 |  2.3
Maces & Flails | 1 2 |  2.3
Polearms       | 1 2 |  2.3
Staves         | 1 2 |  2.3
Slings         | 1 2 |  2.3
Bows           | 1 2 |  2.3
Crossbows      | 1 2 |  2.3
Stealth        | 1 2 |  2.3
Shields        | 1 2 |  2.3
Unarmed Combat | 1 2 |  2.3
Invocations    | 1 2 |  2.5
Evocations     | 1 2 |  2.3
Conjurations   | 1 |  1.8
Hexes          | 1 |  1.8
Charms         | 1 |  1.8
Summonings     | 1 |  1.8
Necromancy     | 1 |  1.8
Transmutations | 1 |  1.8
Fire Magic     | 1 |  1.8
Ice Magic      | 1 |  1.8
Air Magic      | 1 |  1.8
Earth Magic    | 1 |  1.8
Poison Magic   | 1 |  1.8
Throwing       | 3 |  3.5
Armour         | 3 |  3.5
Fighting       | 5 |  5.1
Axes           | 5 |  5.1
Dodging        | 5 |  5.1
Translocations | |  5.8

Action                   |  1- 3 |  4- 6 |  7- 9 || total
-------------------------+-------+-------+-------++-------
Melee: Hand axe          |    67 |   237 |   110 ||   414
       Bite              |    11 |    26 |     6 ||    43
       Punch             |     1 |     2 |     3 ||     6
 Cast: Shroud of Golubri |       |     6 |     5 ||    11
       Blink             |       |       |     4 ||     4
 Stab: Sleeping          |       |     3 |     2 ||     5
  Eat: Chunk             |       |    10 |     1 ||    11
       Ration            |       |       |     2 ||     2
Armor: Leather armour    |    14 |    72 |    21 ||   107
Dodge: Dodged            |    63 |   177 |    83 ||   323

Table legend:
 A = Non-vault XP
 B = Vault XP
 C = Vault XP percentage of total XP
 D = Non-vault monster count
 E = Vault monster count
 F = Vault count percentage of total count
                 A         B        C        D         E       F
            +---------+---------+-------+---------+---------+-------
      Total |     631 |     119 |  15.9 |      74 |       5 |   6.3
            +---------+---------+-------+---------+---------+-------
        D:1 |      42 |       0 |   0.0 |      15 |       0 |   0.0
        D:2 |     105 |      48 |  31.4 |      21 |       3 |  12.5
        D:3 |     411 |      36 |   8.1 |      35 |       1 |   2.8
        D:4 |      73 |      35 |  32.4 |       3 |       1 |  25.0
            +---------+---------+-------+---------+---------+-------
